Map: King's Cove LE

Players

Dingus - Winner!

  • Race: Protoss Protoss
  • League: Gold
  • Spawn Location: 5:00

Sassy

  • Race: Protoss Protoss
  • League: Gold
  • Spawn Location: 11:00

VOD

Have the link to the VOD?

Description

Time

  • Played on: July 8, 2019, 4:16 a.m.
  • Length: 15:44
Show
View Real Time Build Order
Export as new Build Order

Dingus Protoss - Winner!

Build Orders: Archon Immortal 

Get SALT Encoding   

  12  0:01  Probe  
  13  0:13  Probe  
  14  0:21  Pylon  
  14  0:26  Probe  
  15  0:41  Probe, Gateway  
  15  0:49  Probe  
  16  0:50  Assimilator  
  17  0:58  Assimilator, Probe  
  18  1:09  Probe  
  18  1:17  Probe  
  19  1:21  Pylon  
  20  1:37  Cybernetics Core  
  20  1:38  Probe  
  21  1:56  Probe  
  22  2:05  Nexus  
  22  2:09  Probe  
  23  2:17  Probe  
  23  2:20  Adept  
  26  2:23  Warp Gate  
  26  2:27  Pylon  
  26  2:43  Probe  
  26  2:50  Robotics Facility  
  26  2:51  Shield Battery  
  26  2:57  Sentry, Pylon  
  28  3:04  Probe  
  29  3:12  Pylon  
  29  3:16  Probe  
  29  3:17  Probe  
  31  3:26  Stalker  
  33  3:28  Probe  
  34  3:35  Gateway  
  34  3:36  Twilight Council  
  34  3:40  Probe  
  34  3:41  Probe  
  36  3:55  Probe  
  36  3:58  Immortal  
  36  4:01  Probe  
  42  4:08  Assimilator  
  43  4:10  Probe  
  43  4:14  Stalker  
  45  4:21  Gateway  
  45  4:25  Pylon  
  45  4:27  Probe  
  46  4:35  Stalker  
  48  4:41  Probe  
  48  4:42  Observer  
  48  4:43  Probe  
  51  4:49  Assimilator  
  51  4:56  Charge  
  51  5:00  Stalker x2  
  51  5:03  Immortal  
  59  5:16  Probe  
  59  5:17  Probe  
  61  5:23  Templar Archives  
  61  5:25  Gateway  
  61  5:27  Pylon  
  61  5:33  Warp Prism  
  63  5:47  Forge, Pylon  
  63  5:52  Gateway  
  63  5:54  Probe x2  
  65  6:04  High Templar x2  
  65  6:06  Zealot, Probe  
  65  6:08  Archon  
  72  6:26  Immortal  
  76  6:34  Stalker x2, Protoss Ground Weapons Level 1  
  76  6:38  Blink  
  80  6:52  Nexus  
  80  6:57  Pylon  
  80  7:10  Probe x2  
  82  7:25  High Templar  
  82  7:26  Observer, High Templar  
  82  7:28  Stalker x2  
  82  7:29  Archon  
  91  7:41  Zealot  
  93  7:44  Observer  
  94  8:00  Pylon  
  94  8:04  Probe x2  
  96  8:06  Zealot x2  
  96  8:07  Zealot  
  102  8:13  Pylon  
  102  8:16  Probe  
  102  8:17  Probe, Gateway  
  102  8:18  Probe, Shield Battery  
  105  8:24  Immortal  
  109  8:28  Probe, High Templar x2  
  109  8:29  High Templar  
  109  8:33  Archon  
  116  8:35  High Templar  
  118  8:41  Archon  
  116  9:03  Zealot x2  
  116  9:04  Zealot x2  
  102  9:43  Zealot x5  
  102  9:44  Zealot  
  74  10:14  Stalker x2  
  74  10:15  Stalker x4  
  84  10:21  Protoss Ground Weapons Level 2, Gateway  
  84  10:22  Gateway  
  84  10:24  Gateway  
  84  10:26  Immortal, Pylon  
  84  10:31  Assimilator  
  84  10:32  Assimilator  
  88  10:43  High Templar x3  
  88  10:44  High Templar  
  88  10:47  Archon x2  
  88  10:49  Sentry  
  89  11:04  Shield Battery  
  89  11:05  Pylon  
  83  11:23  Zealot x4  
  83  11:24  Zealot x3  
  83  11:25  Zealot  
  87  11:29  Nexus  
  79  11:51  Pylon  
  79  11:53  Pylon  
  67  12:03  Nexus, Pylon  
  67  12:07  Pylon  
  67  12:19  Pylon x2  
  67  12:27  Gateway  
  67  12:31  Immortal  
  71  12:42  Probe  
  72  12:45  Probe  
  73  12:53  Probe  
  74  13:01  Probe  
  74  13:05  High Templar x2  
  79  13:09  Archon  
  79  13:10  Warp Prism  
  79  13:11  Probe  
  81  13:18  Probe  
  83  13:23  Stargate, Probe  
  84  13:30  Probe  
  85  13:43  Probe  
  85  13:44  Stalker x2  
  85  13:45  Sentry x3  
  92  13:59  Observer  
  93  14:17  Stalker  
  93  14:18  Stalker, High Templar x2  
  93  14:19  High Templar x2  
  105  14:24  Archon x2  
  105  14:32  Stargate  
  105  14:42  Stalker  
  105  14:43  Stalker x3  
  97  15:10  Stalker x3  
  97  15:11  Stalker, Sentry  
  97  15:12  Zealot x3, Sentry  
  97  15:41  High Templar  
Show
View Real Time Build Order
Export as new Build Order

Sassy Protoss 

Build Orders:  

Get SALT Encoding   

  12  0:01  Probe  
  13  0:13  Probe  
  14  0:18  Pylon  
  14  0:25  Probe  
  15  0:36  Probe  
  15  0:40  Gateway  
  16  0:44  Probe  
  17  0:51  Assimilator  
  17  0:52  Probe  
  18  1:01  Probe  
  18  1:09  Pylon, Probe  
  19  1:18  Probe  
  21  1:27  Cybernetics Core  
  21  1:36  Probe  
  21  1:38  Assimilator  
  22  1:52  Probe  
  23  1:55  Stalker  
  23  1:57  Warp Gate  
  25  2:14  Gateway  
  25  2:16  Gateway  
  25  2:57  Nexus  
  25  3:07  Sentry x2  
  25  3:08  Nexus  
  29  3:23  Stalker  
  31  3:28  Pylon  
  31  3:47  Shield Battery  
  31  3:50  Robotics Facility  
  31  4:01  Sentry  
  31  4:02  Stalker  
  35  4:08  Probe x2  
  37  4:16  Probe x2  
  37  4:18  Probe  
  37  4:24  Probe x2  
  40  4:26  Probe  
  43  4:35  Probe  
  43  4:36  Immortal  
  48  4:43  Probe x2  
  50  4:48  Probe  
  51  5:00  Probe x3  
  54  5:07  Twilight Council  
  54  5:10  Probe  
  54  5:12  Probe  
  54  5:14  Probe  
  57  5:18  Probe  
  57  5:22  Probe  
  57  5:24  Probe  
  57  5:25  Pylon  
  57  5:26  Probe  
  60  5:34  Immortal  
  65  5:37  Sentry x2  
  69  5:48  Pylon  
  69  5:50  Pylon  
  69  6:07  Immortal  
  73  6:21  Forge  
  73  6:22  Stalker, Shield Battery  
  73  6:23  Stalker x2  
  79  6:39  Gateway  
  79  6:40  Gateway  
  79  6:42  Gateway  
  79  6:45  Pylon  
  79  6:52  Pylon  
  79  6:53  Immortal  
  83  6:55  Probe x3  
  83  7:00  Assimilator  
  86  7:02  Assimilator, Pylon  
  86  7:07  Probe  
  86  7:08  Robotics Facility  
  87  7:13  Protoss Ground Weapons Level 1  
  87  7:15  Photon Cannon  
  87  7:21  Stalker  
  89  7:39  Immortal  
  93  7:50  Probe x3  
  96  7:58  Pylon  
  96  8:02  Probe x2, Photon Cannon  
  98  8:06  Photon Cannon  
  98  8:10  Shield Battery  
  98  8:14  Photon Cannon  
  98  8:27  Immortal  
  98  8:38  Stalker x4  
  98  8:39  Stalker x2  
  114  8:57  Photon Cannon x2  
  114  9:04  Stalker x2  
  114  9:05  Stalker x3  
  75  9:48  Stalker  
  75  9:49  Stalker x2  
  71  10:06  Pylon  
  71  10:10  Probe  
  71  10:13  Photon Cannon  
  72  10:18  Photon Cannon  
  72  10:19  Gateway  
  72  10:20  Gateway  
  72  10:22  Pylon, Probe  
  72  10:23  Pylon  
  73  10:34  Probe  
  74  10:46  Probe  
  75  10:58  Zealot, Pylon  
  75  10:59  Zealot x2  
  61  11:34  Zealot x2  
  61  11:35  Zealot x3  
  61  11:37  Probe x2  
  69  11:46  Probe  
  69  11:47  Probe  
  71  11:54  Probe  
  71  11:55  Probe  
  73  12:03  Probe x2  
  75  12:10  Nexus  
  75  12:11  Pylon  
  75  12:15  Photon Cannon x2  
  75  12:17  Photon Cannon  
  75  12:22  Photon Cannon x2  
  75  12:24  Photon Cannon  
  75  12:25  Photon Cannon  
  75  12:33  Nexus  
  75  12:46  Cybernetics Core  
  75  12:55  Protoss Shields Level 1  
  75  13:02  Pylon  
  75  13:10  Assimilator  
  75  13:15  Assimilator, Pylon  
  75  13:27  Photon Cannon  
  75  13:28  Photon Cannon  
  75  13:30  Photon Cannon x2  
  75  13:31  Photon Cannon  
  75  13:41  Robotics Facility  
  75  13:43  Pylon, Adept x2  
  75  13:44  Adept  
  75  13:50  Photon Cannon  
  75  13:51  Photon Cannon  
  75  13:52  Photon Cannon  
  75  13:53  Photon Cannon  
  73  13:57  Photon Cannon x2  
  73  13:59  Photon Cannon  
  73  14:01  Photon Cannon  
  73  14:02  Photon Cannon  
  73  14:04  Photon Cannon  
  73  14:05  Photon Cannon  
  73  14:06  Photon Cannon  
  72  14:15  Sentry x2  
  72  14:16  Sentry x3  
  82  14:19  Immortal  
  86  14:39  Robotics Facility  
  86  14:41  Shield Battery, Robotics Facility  
  86  14:42  Stalker  
  86  14:43  Stalker x4  
Tags
 
Composition
Archon Immortal
League
GoldGold
Matchup
PvP
Spawn Locations
Cross Positions
Add a new tag
Caveats
  • Supply blocks, unpowered buildings, or Contaminate may cause inaccurate times.
  • Supply counts are checked every 10 seconds.